 Dungeon Crawl Stone Soup version 0.32-a0-913-g739538afd8 (webtiles) character file.

Game seed: 2900860114743163064

37 Doorstop00 the Covered (level 3, -5/23 HPs)
             Began as a Gargoyle Fighter on Apr 9, 2024.
             Slain by an iguana (8 damage)
             ... on level 2 of the Dungeon.
             The game lasted 00:03:44 (1464 turns).

Doorstop00 the Covered (Gargoyle Fighter)           Turns: 1464, Time: 00:03:44

Health: -5/23      AC: 12    Str: 21    XL:     3   Next: 39%
Magic:  3/3        EV:  7    Int:  8    God:
Gold:   56         SH:  4    Dex:  9    Spells: 2/2 levels left

rFire   . . .        a - +0 flail
rCold   . . .        c - +0 buckler
rNeg    + . .        k - +0 chain mail
rPois   ∞            (no helmet)
rElec   +            (no cloak)
rCorr   .            (no gloves)
SInv    .            (no boots)
Will    .....        (no amulet) Stlth
                     (no ring)
HPRegen 0.23/turn    (no ring)
MPRegen 0.08/turn

%: no passive effects
@: no status effects
A: sickness immunity, AC +3, negative energy resistance 1, electricity
resistance, torment resistance 1, petrification resistance
a: no special abilities


You were on level 2 of the Dungeon.
You visited 1 branch of the dungeon, and saw 2 of its levels.

You collected 56 gold pieces.

Inventory:

Hand Weapons
 a - a +0 flail (weapon)
Armour
 c - a +0 buckler (worn)
 k - a +0 chain mail (worn)
Scrolls
 b - a scroll of vulnerability {unknown}
 j - 2 scrolls of fear {unknown}
Potions
 d - a potion of might
 e - a potion of berserk rage
 f - a potion of haste {unknown}
 g - a potion of enlightenment {unknown}
 h - a potion of mutation {unknown}
 i - 3 potions of heal wounds {unknown}


   Skills:
 * Level 3.6 Fighting
 * Level 2.4 Maces & Flails
 * Level 3.7 Armour
 * Level 0.5 Dodging
 * Level 3.6 Shields


You had 2 spell levels left.
You didn't know any spells.
Your spell library contained the following spells:

 Spells                   Type           Power      Damage    Failure   Level
 Tukima's Dance           Hex            0%         N/A       100%        3
 Passage of Golubria      Tloc           0%         N/A       100%        4
 Yara's Violent Unravell  Hex/Alch       0%         3d3       100%        5


Dungeon Overview and Level Annotations

Branches:
Dungeon (2/15)

Altars:

Shops:
D:1 =   D:2 *


Innate Abilities, Weirdness & Mutations

You are immune to sickness and miasma.
Your stone body is resilient. (AC +3)
You are immune to poison.
You resist negative energy. (rN+)
You are resistant to electric shocks. (rElec)
You are resistant to unholy torment.
You are immune to petrification.


Message History

An iguana comes into view.
Found 3 stones.
The iguana hisses angrily.
A frilled lizard comes into view.
The frilled lizard hisses angrily.
You closely miss the frilled lizard. You block the frilled lizard's attack.
You barely miss the frilled lizard. You block the frilled lizard's attack.
An endoplasm comes into view.
You barely miss the iguana. The iguana barely misses you.
You hit the iguana but do no damage. The iguana barely misses you.
You barely miss the iguana. The iguana bites you!
The iguana bites you but does no damage.
You closely miss the iguana.
The iguana bites you but does no damage.
You barely miss the iguana. You block the iguana's attack.
The iguana bites you!
You hit the iguana.
The iguana is moderately wounded.
You block the iguana's attack.
You closely miss the iguana.
The iguana is moderately wounded.
The iguana completely misses you.
You closely miss the iguana.
The iguana is moderately wounded.
The iguana barely misses you.
You hit the iguana.
The iguana is heavily wounded.
The iguana bites you!
* * * LOW HITPOINT WARNING * * *
The iguana completely misses you.
You closely miss the iguana.
The iguana is heavily wounded.
The iguana closely misses you.
You closely miss the iguana.
The iguana is heavily wounded.
You block the iguana's attack.
You hit the iguana.
The iguana is heavily wounded.
The iguana barely misses you. The iguana bites you!
You die...

## .. ###### ##l
##########..... ..
#.......##..... #.
#.#####.##.....
#.####J####.#.....##.....
......ll@.............>..
.......##.#..............
....... #.###............
....... #.# #######.#####
...(... #.# #.# .......
#.# #.# ....... #<#
######.## ....... ###
#..)....# #########
#.......#


You could see an iguana, an endoplasm and a frilled lizard.

Vanquished Creatures
  A ribbon worm (D:2)
  4 bats
  3 endoplasms
  4 giant cockroaches
  3 goblins (D:1)
  A hobgoblin (D:1)
  6 kobolds
  3 quokkas (D:1)
  2 ball pythons (D:2)
  2 frilled lizards
  3 rats (D:1)
32 creatures vanquished.

Notes
Turn   | Place    | Note
-------+----------+-------------------------------------------
     0 | D:1      | Doorstop00 the Gargoyle Fighter began the quest for the
                  | Orb.
     0 | D:1      | Reached XP level 1. HP: 14/14 MP: 1/1
   199 | D:1      | Found Yllitim's One-of-a-Kind Rings.
   246 | D:1      | Reached XP level 2. HP: 19/19 MP: 2/2
   749 | D:1      | Reached XP level 3. HP: 23/23 MP: 3/3
  1190 | D:2      | Found Vankois's Assorted Antiques.
  1464 | D:2      | Slain by an iguana

Illustrated notes

Levels and vault maps discovered:
D:1:      sevenhm_arrival_forest_fort_large_2, layout_basic,
          nicolae_shop_unique_rings, minmay_misc_feat_alley, minmay_unequal
D:2:      layout_basic, serial_shops, nicolae_shop_stone

Action                     || total
---------------------------++-------
  Melee: Flail             ||    98
    Use: Scroll            ||     3
 Armour: Scale mail        ||    45
         Chain mail        ||    24
  Dodge: Dodged            ||    44
  Block: Buckler           ||    32

Table legend: (Time is in decaauts)
 A = Elapsed time spent in this place.
 B = Non-inter-level travel time spent in this place.
 C = Inter-level travel time spent in this place.
 D = Time resting spent in this place.
 E = Time spent auto-exploring this place.
 F = Levels seen in this place.
 G = Mean time per level.
                   A        B        C        D        E       F      G
               +--------+--------+--------+--------+--------+-----+--------+
         Total |   1495 |   1436 |     59 |    110 |    947 |   2 |  747.5 |
       Dungeon |   1495 |   1436 |     59 |    110 |    947 |   2 |  747.5 |
               +--------+--------+--------+--------+--------+-----+--------+

Top non-repeatable levels by time:
     D:1: 1064 daAuts
     D:2: 431 daAuts
